 Dungeon Crawl Stone Soup version 0.28.0 (webtiles) character file.

Game seed: 1336993182529305560

9 HallandMoats the Skirmisher (level 2, 0/26 HPs)
             Began as a Ghoul Monk on Feb 8, 2022.
             Slain by a goblin (4 damage)
             ... on level 1 of the Dungeon.
             The game lasted 00:00:28 (339 turns).

HallandMoats the Skirmisher (Ghoul Monk)             Turns: 339, Time: 00:00:28

Health: 0/26       AC:  2    Str: 14    XL:     2   Next: 12%
Magic:  1/1        EV: 12    Int:  5    God:
Gold:   26         SH:  0    Dex: 11    Spells: 1/1 levels left

rFire   . . .      SeeInvis .   a - +0 hand axe
rCold   + . .      Faith    .   (no shield)
rNeg    + + +      Spirit   .   b - +0 robe
rPois   ∞          Reflect  .   (no helmet)
rElec   .          Harm     .   (no cloak)
rCorr   .          Rampage  .   (no gloves)
Will    .....                   (no boots)
Stlth   ++........              (no amulet)
HPRegen 0.00/turn               (no ring)
MPRegen 0.07/turn               (no ring)

@: inhibited regen
A: claws 1, cold resistance 1, negative energy resistance 3, inhibited
regeneration, torment resistance 2
a: no special abilities


You were on level 1 of the Dungeon.
You visited 1 branch of the dungeon, and saw 1 of its levels.

You collected 26 gold pieces.

Inventory:

Hand Weapons
 a - a +0 hand axe (weapon)
Armour
 b - a +0 robe (worn)
Potions
 c - a potion of might {unknown}


   Skills:
 * Level 3.4 Fighting
 * Level 2.8 Axes
 * Level 0.3 Armour
 * Level 2.8 Dodging
 - Level 2.1 Stealth
 + Level 0.3 Shields
 + Level 0.2 Invocations


You had one spell level left.
You didn't know any spells.
Your spell library was empty.

Dungeon Overview and Level Annotations

Branches:
Dungeon (1/15)

Altars:


Innate Abilities, Weirdness & Mutations

You thrive by killing the living.
You are immune to poison.
You have sharp fingernails.
Your flesh is cold resistant. (rC+)
You are immune to negative energy. (rN+++)
You do not regenerate when monsters are visible.
You are immune to unholy pain and torment.


Message History

The jackal bites you.
You barely miss the jackal.
The jackal is heavily wounded.
You hit the jackal.
You hit the frilled lizard but do no damage.
The jackal misses you.
The jackal bites you but does no damage.
The frilled lizard bites you. The jackal misses you.
The jackal closely misses you. The jackal bites you.
The jackal barely misses you.
You hit the jackal.
The jackal is severely wounded.
The jackal misses you.
You hit the jackal.
You kill the jackal!
You have reached level 2!
You barely miss the frilled lizard. The frilled lizard bites you.
The frilled lizard bites you but does no damage.
You hit the frilled lizard.
You kill the frilled lizard!
The jackal closely misses you.
You hit the jackal.
The jackal is almost dead.
The jackal bites you.
* * * LOW HITPOINT WARNING * * *
You closely miss the jackal.
The jackal is almost dead.
The jackal bites you.
* * * LOW HITPOINT WARNING * * *
A goblin comes into view. It is wielding a +0 dagger.
The jackal bites you but does no damage.
You hit the jackal.
You kill the jackal!
You swing at nothing.
You hit the goblin but do no damage. The goblin barely misses you.
You barely miss the goblin. The goblin barely misses you.
You closely miss the goblin. The goblin closely misses you.
You closely miss the goblin. The goblin misses you.
You barely miss the goblin. The goblin hits you with a +0 dagger.
You die...

#.##.# #.####.#
#.##.#######......#
#........##....♣♣.#
###.####.##....♣♣.#
#.# #...#.......#
#.# #...#.......#
#.# #...........#
#.# #############
#@# #g#######
#........ #.†######
#..>. ##.##.# .# #
.# .#


You could see a goblin.

Vanquished Creatures
  A giant cockroach (D:1)
  3 jackals (D:1)
  A quokka (D:1)
  A bat (D:1)
  A frilled lizard (D:1)
  A kobold (D:1)
8 creatures vanquished.

Notes
Turn   | Place    | Note
-------+----------+-------------------------------------------
     0 | D:1      | HallandMoats the Ghoul Monk began the quest for the Orb.
     0 | D:1      | Reached XP level 1. HP: 19/19 MP: 0/0
   329 | D:1      | Reached XP level 2. HP: 11/26 MP: 1/1
   339 | D:1      | Slain by a goblin

Illustrated notes

Levels and vault maps discovered:
D:1:      amcnicky_arrival_double_pillar, layout_loops_ring,
          corexii_hall_statues_i

Action                   || total
-------------------------++-------
Melee: Hand axe          ||    27
Armor: Robe              ||     7
Dodge: Dodged            ||    23
